 Dungeon Crawl Stone Soup version 0.27.0-1-g7a089689b8 (webtiles) character file.

Game seed: 16155401730442560383

16 H0rd4k the Caller (level 2, 0/19 HPs)
             Began as a Barachi Summoner on Aug 6, 2021.
             Slain by a jackal (2 damage)
             ... on level 1 of the Dungeon.
             The game lasted 00:01:22 (965 turns).

H0rd4k the Caller (Barachi Summoner)                 Turns: 965, Time: 00:01:23

Health: 0/19       AC:  2    Str:  9    XL:     2   Next: 54%
Magic:  2/5        EV: 12    Int: 15    God:
Gold:   27         SH:  0    Dex: 12    Spells: 5/6 levels left

rFire    . . .     SeeInvis .   (no weapon)
rCold    . . .     Faith    .   (no shield)
rNeg     . . .     Spirit   .   a - +0 robe
rPois    .         Reflect  .   (no helmet)
rElec    .         Harm     .   (no cloak)
rCorr    .         Rampage  .   (no gloves)
Will     .....                  (no boots)
Stlth    ++........             (no amulet)
HPRegen  0.06/turn              (no ring)
MPRegen  0.09/turn              (no ring)

@: slow
A: amphibious, slowness 1, strong legs 1, +LOS
a: Hop


You were on level 1 of the Dungeon.
You visited 1 branch of the dungeon, and saw 1 of its levels.

You collected 27 gold pieces.

Inventory:

Armour
 a - a +0 robe (worn)
Scrolls
 b - a scroll of summoning {unknown}
 c - a scroll of vulnerability {unknown}
 d - a scroll of magic mapping {unknown}
 e - a scroll of identify {unknown}
Potions
 f - a potion of lignification {unknown}


   Skills:
 + Level 2.2 Dodging
 - Level 1.7 Stealth
 * Level 2.5 Spellcasting
 * Level 5.4 Summonings


You had 5 spell levels left.
You knew the following spells:

 Your Spells              Type           Power      Damage    Failure   Level
a - Summon Small Mammal   Summ           72%        N/A       2%          1

Your spell library contained the following spells:

 Spells                   Type           Power      Damage    Failure   Level
 Call Imp                 Summ           18%        N/A       3%          2
 Call Canine Familiar     Summ           18%        N/A       7%          3
 Summon Guardian Golem    Hex/Summ       10%        N/A       21%         3
 Summon Lightning Spire   Summ/Air       10%        N/A       56%         4


Dungeon Overview and Level Annotations

Branches:
Dungeon (1/15)

Altars:


Innate Abilities, Weirdness & Mutations

You are amphibious.
You cover ground slowly.
You can hop short distances.
You have an extended range of vision and can be seen from far away.


Message History

Your bat misses the jackal.
Your bat barely misses the jackal.
Your bat completely misses the jackal.
The jackal bites you.
Your bat barely misses the jackal.
Your bat closely misses the jackal.
The jackal bites you.
Your bat hits the jackal but does no damage.
The jackal closely misses you.
You swap places.
Your bat hits the jackal but does no damage.
Your bat barely misses the jackal. x2; The jackal closely misses your bat.
Your quokka closely misses the jackal.
Your bat barely misses the jackal.
The jackal bites you.
Your quokka completely misses the jackal.
You closely miss the jackal.
Your bat hits the jackal but does no damage.
The jackal misses you.
A jackal comes into view.
Your quokka barely misses the jackal.
You barely miss the jackal.
Your bat barely misses the jackal.
Your bat closely misses the jackal.
The jackal misses your bat.
Your quokka bites the jackal.
You barely miss the jackal.
The jackal is moderately wounded.
The jackal closely misses your bat.
Your bat hits the jackal but does no damage.
Your quokka bites the jackal.
The jackal dies!
A bat comes into view.
The jackal bites you. The jackal closely misses you.
Unknown command.
You closely miss the jackal. The jackal closely misses you.
The jackal barely misses you. x2
You hit the jackal but do no damage. The jackal barely misses you.
The jackal bites you. x2
* * * LOW HITPOINT WARNING * * *
You barely miss the jackal. The jackal barely misses you. The jackal bites you.
* * * LOW HITPOINT WARNING * * *
The jackal bites you but does no damage.
Unknown command.
You closely miss the jackal. The jackal bites you.
You die...

# #..# #.# ## # ##.###.#
... ###########..##.##...
#####
......(..................h
...#########.##.##......h
......................h.
...#########..#.######.#
...# ##.#h######.# ...#
#.#b@hhb...# ...#
#.rr######## ...# ##.r#
#### ####..# #....>#
#.###.# #.###.# #.....#
#######


You could see 3 jackals, a bat, 2 friendly quokkas, a friendly bat (summoned)
and a friendly rat (summoned).

Vanquished Creatures (collateral kills)
  A gnoll (D:1)
  2 hobgoblins (D:1)
  4 jackals (D:1)
  3 quokkas (D:1)
  A ball python (D:1)
  A bat (D:1)
  A frilled lizard (D:1)
  2 goblins (D:1)
  A kobold (D:1)
  A rat (D:1)
17 creatures vanquished.

Notes
Turn   | Place    | Note
-------+----------+-------------------------------------------
     0 | D:1      | H0rd4k the Barachi Summoner began the quest for the Orb.
     0 | D:1      | Reached XP level 1. HP: 13/13 MP: 3/3
    35 | D:1      | Reached skill level 5 in Summonings
   161 | D:1      | Reached XP level 2. HP: 19/19 MP: 0/5
   965 | D:1      | Slain by a jackal

Illustrated notes

Levels and vault maps discovered:
D:1:      minmay_arrival_checkered_box, layout_basic,
          shapermc_ecumenical_altar_mp_ritualfount

Skill      XL: |  1 |
---------------+----+-----
Summonings     | 5 |  5.4
Dodging        | |  2.2
Stealth        | |  1.7
Spellcasting   | |  2.5

Action                   || total
-------------------------++-------
Melee: Unarmed           ||    16
 Cast: Summon Small Mamm ||    38
Armor: Robe              ||     6
Dodge: Dodged            ||    31
